 Dungeon Crawl Stone Soup version 0.31-a0-263-ge8cad7f256 (webtiles) character file.

Game seed: 6233462441560769516

118 qw the Shooter (level 4, -9/36 HPs)
             Began as a Minotaur Hexslinger on July 13, 2023.
             Mangled by an ogre
             ... wielding a +0 giant club
              (32 damage)
             ... on level 4 of the Dungeon.
             The game lasted 00:00:46 (2589 turns).

qw the Shooter (Minotaur Hexslinger)                Turns: 2589, Time: 00:00:47

Health: -9/36      AC:  6    Str: 13    XL:     4   Next: 72%
Magic:  4/4        EV: 11    Int: 10    God:
Gold:   94         SH:  0    Dex: 14    Spells: 4/5 levels left

rFire   . . .        Y - +0 shortbow
rCold   . . .        (shield currently unavailable)
rNeg    . . .        a - +0 ring mail
rPois   .            (helmet restricted)
rElec   .            (no cloak)
rCorr   .            (no gloves)
SInv    .            e - +0 pair of boots
Will    .....        (no amulet)
Stlth   +            (no ring)
HPRegen 0.26/turn    (no ring)
MPRegen 0.09/turn

%: no passive effects
@: no status effects
A: horns 2, retaliatory headbutt
a: no special abilities


You were on level 4 of the Dungeon.
You visited 1 branch of the dungeon, and saw 4 of its levels.

You collected 176 gold pieces.
You spent 82 gold pieces at shops.


Innate Abilities, Weirdness & Mutations

You have a pair of horns on your head.
You reflexively headbutt those who attack you in melee.


   Skills:
 + Level 2.3 Fighting
 - Level 5.0 Ranged Weapons
 - Level 1.0 Armour
 - Level 2.1 Dodging
 - Level 1.0 Spellcasting
 - Level 2.0 Hexes


You had 4 spell levels left.
You knew the following spells:

 Your Spells              Type           Power      Damage    Failure   Level
a - Slow                  Hex            16%        N/A       32%         1

Your spell library contained the following spells:

 Spells                   Type           Power      Damage    Failure   Level
 Inner Flame              Hex/Fire       2%         N/A       82%         3
 Portal Projectile        Hex/Tloc       4%         N/A       82%         3
 Cause Fear               Hex            2%         N/A       97%         4

Inventory:

Hand Weapons
 Y - a +0 shortbow (weapon)
Armour
 a - a +0 ring mail (worn)
 e - a +0 pair of boots (worn)
Scrolls
 d - a scroll of identify
 f - a scroll of enchant weapon {unknown}
Potions
 b - a potion of degeneration {unknown}
 c - a potion of ambrosia {unknown}

Dungeon Overview and Level Annotations

Branches:
Dungeon (4/15)
 Temple: D:4-7

Altars:
Cheibriados
Dithmenos
Hepliaklqana
Qazlal

Shops:
D:3 *


Message History

You shoot an arrow. The arrow barely misses the adder.
You feel sick. The adder misses you. The adder bites you.
The adder bites you but does no damage. x2
You shoot an arrow. The arrow closely misses the adder.
You feel sick.
The adder bites you but does no damage. x3
The adder closely misses you.
You shoot an arrow.
The arrow hits the adder but does no damage.
The adder is severely wounded.
You feel sick.
You are no longer poisoned.
The adder bites you but does no damage. The adder barely misses you.
You furiously retaliate!
You headbutt the adder!
You kill the adder!
The adder closely misses you.
Your Ranged Weapons skill increases to level 5!
You shoot an arrow. The arrow hits the adder.
You kill the adder!
You start resting.
HP restored.
You now have 94 gold pieces (gained 7).
You open the door.
An ogre comes into view. It is wielding a +0 giant club.
The ogre shouts!
2585 ||| Stepping ~*~*~tactically~*~*~ (water).
Found a helmet and a scale mail.
There is an open door here.
You shoot an arrow. The arrow hits the ogre!
The ogre is moderately wounded.
You shoot an arrow. The arrow hits the ogre!
The ogre is heavily wounded.
You shoot an arrow. The arrow hits the ogre.
The ogre is severely wounded.
The ogre hits you with a +0 giant club!
You shoot an arrow.
The arrow hits the ogre but does no damage.
The ogre is severely wounded.
The ogre hits you with a +0 giant club!!
Ouch! That really hurt!
You die...

######################
#......................
#.)....................
#.............<........
#.....................[
##......................
...........######.......
+#.....##'##7P~##.......
.....[.#7P~7# 7~@O......
.......#~77~7#7~#.......
.......#P #7~7~7##......
.......#7 7%~~7# ......
.......# 7~7~7# .....
_.....).#~7#7~ ..... +~
7~ .... # #+ .[..


You could see an ogre.

Vanquished Creatures
  5 adders
  4 dart slugs
  6 endoplasms
  A giant cockroach (D:3)
  5 goblins
  8 hobgoblins
  5 quokkas
  6 ball pythons
  A bat (D:2)
  7 frilled lizards
  7 kobolds
  11 rats
66 creatures vanquished.

Notes
Turn   | Place    | Note
-------+----------+-------------------------------------------
     0 | D:1      | qw the Minotaur Hexslinger began the quest for the Orb.
     0 | D:1      | Reached XP level 1. HP: 16/16 MP: 1/1
     0 | D:1      | 0 ||| qw: Version: 0.3-a-52-g30416fa
     0 | D:1      | 0 ||| qw: Game counter: 7285
     0 | D:1      | 0 ||| qw: Melee chars always use a shield: true
     0 | D:1      | 0 ||| qw: God list: Okawaru
     0 | D:1      | 0 ||| qw: Allow faded altars: false
     0 | D:1      | 0 ||| qw: Do Orc after clearing Dungeon:15 true
     0 | D:1      | 0 ||| qw: Do second Lair branch before Depths: true
     0 | D:1      | 0 ||| qw: Lair rune preference: random
     0 | D:1      | 0 ||| qw: Goals: Normal
     0 | D:1      | 0 ||| PLANNING D:1-11
   167 | D:1      | Reached skill level 3 in Ranged Weapons
   167 | D:1      | Reached XP level 2. HP: 15/23 MP: 2/2
   954 | D:1      | 954 ||| READING scroll labelled JIADUPN WAPPU.
   955 | D:1      | 955 ||| DROPPING scroll of poison.
  1024 | D:2      | Reached XP level 3. HP: 29/29 MP: 3/3
  1053 | D:2      | Found a faded altar of an unknown god.
  1361 | D:2      | 1361 ||| READING scroll labelled INKERH NAAHIM.
  1362 | D:2      | 1362 ||| FLEEEEING.
  1779 | D:2      | 1779 ||| UPGRADING to +0 ring mail.
  1789 | D:2      | 1789 ||| DROPPING +0 robe.
  1790 | D:2      | 1790 ||| READING scroll labelled MUINU KIVESIHO.
  1832 | D:3      | Reached skill level 4 in Ranged Weapons
  1865 | D:3      | Found a stormy altar of Qazlal.
  1867 | D:3      | Found a hazy altar of Hepliaklqana.
  1872 | D:3      | Found a shadowy altar of Dithmenos.
  1926 | D:3      | Reached skill level 1 in Armour
  2002 | D:3      | Found Ruci's General Store.
  2008 | D:3      | 2008 ||| BUYING +0 pair of boots (49 gold).
  2008 | D:3      | Bought a +0 pair of boots for 49 gold pieces
  2008 | D:3      | 2008 ||| BUYING +0 shortbow (33 gold).
  2008 | D:3      | Bought a +0 shortbow for 33 gold pieces
  2008 | D:3      | 2008 ||| SHOPLISTING +6 ring of dexterity (396 gold, have
                  | 43).
  2008 | D:3      | 2008 ||| SWAPPING to +0 shortbow.
  2009 | D:3      | 2009 ||| DROPPING +1 sling.
  2148 | D:3      | Reached XP level 4. HP: 36/36 MP: 4/4
  2390 | D:3      | 2390 ||| UPGRADING to +0 pair of boots.
  2395 | D:3      | 2395 ||| READING scroll labelled YCLADI KAGGO.
  2457 | D:4      | Found a snail-covered altar of Cheibriados.
  2480 | D:4      | Reached skill level 5 in Ranged Weapons
  2584 | D:4      | Noticed an ogre
  2585 | D:4      | 2585 ||| Stepping ~*~*~tactically~*~*~ (water).
  2589 | D:4      | Mangled by an ogre

Levels and vault maps discovered:
D:1:      dpeg_arrival_ratfight, layout_basic, serial_forest,
          infiniplex_forest_lined_2, infiniplex_forest_straight_3,
          infiniplex_forest_corner_1, infiniplex_forest_clump_long,
          infiniplex_forest_clump_tiny, infiniplex_forest_lined_4_way,
          infiniplex_forest_clump_small, infiniplex_forest_end_2,
          minmay_shallow_snake_nest
D:2:      layout_basic, nicolae_ecumenical_lake_church, lexackson_kobold_supper
D:3:      layout_loops_ring, grunt_temple_overflow_open, serial_shops, shop
D:4:      layout_basic, chequers_temple_overflow_statue_of_worship,
          saegor_snake_ambush

Skill      XL: |  1  2  3  4 |
---------------+-------------+-----
Ranged Weapons | 3 4 5 |  5.0
Fighting       | 2 |  2.3
Armour         | 1 |  1.0
Dodging        | |  2.1
Spellcasting   | |  1.0
Hexes          | |  2.0

Action                     |  1- 3 |  4- 6 || total
---------------------------+-------+-------++-------
   Fire: Sling             |   108 |       ||   108
         Shortbow          |    11 |    32 ||    43
    Use: Scroll            |     3 |     1 ||     4
 Armour: Ring mail         |     3 |    15 ||    18
         Robe              |     3 |       ||     3
  Dodge: Dodged            |    21 |    22 ||    43

Table legend:
 A = Non-vault XP
 B = Vault XP
 C = Vault XP percentage of total XP
 D = Non-vault monster count
 E = Vault monster count
 F = Vault count percentage of total count
                 A         B        C        D         E       F
            +---------+---------+-------+---------+---------+-------
      Total |     108 |      61 |  36.1 |      46 |      20 |  30.3
            +---------+---------+-------+---------+---------+-------
        D:1 |      20 |       9 |  31.0 |      13 |       8 |  38.1
        D:2 |      17 |      11 |  39.3 |      10 |       8 |  44.4
        D:3 |      65 |       0 |   0.0 |      20 |       0 |   0.0
        D:4 |       6 |      41 |  87.2 |       3 |       4 |  57.1
            +---------+---------+-------+---------+---------+-------
